 Dungeon Crawl Stone Soup version 0.23.2-30-g0e89c35649 (webtiles) character file.

Game seed: 14024770098065432583

100 dvd the Chucker (level 4, -2/44 HPs)
             Began as an Ogre Hunter on June 19, 2019.
             Killed from afar by an orc wizard (3 damage)
             ... with a magic dart
             ... on level 3 of the Dungeon.
             The game lasted 00:06:10 (2349 turns).

dvd the Chucker (Ogre Hunter)                       Turns: 2349, Time: 00:06:11

Health: -2/44      AC:  4    Str: 18    XL:     4   Next: 74%
Magic:  4/4        EV: 10    Int: 12    God:
Gold:   169        SH:  0    Dex: 10    Spells: 3/3 levels left

rFire    . . .     SeeInvis +   u - +0 hand axe
rCold    . . .     Gourm    .   (no shield)
rNeg     . . .     Faith    .   b - +0 robe
rPois    .         Spirit   .   (helmet restricted)
rElec    .         Reflect  .   k - +0 cloak
rCorr    .         Harm     .   (gloves unavailable)
MR       .....     Rnd*Rage +   (boots unavailable)
Stlth    +.........             (no amulet)
HPRegen  0.14/turn              y - ring of see invisible
MPRegen  0.09/turn              (no ring)

@: about to teleport, berserk cooldown
A: large, unfitting armour, berserk 1, strong 1, tough skin 1
a: no special abilities


You were on level 3 of the Dungeon.
You were hungry.

You visited 1 branch of the dungeon, and saw 3 of its levels.

You collected 169 gold pieces.

Inventory:

Hand Weapons
 a - a +0 short sword
 o - a +0 mace
 u - a +0 hand axe (weapon)
Armour
 b - a +0 robe (worn)
 k - a +0 cloak (worn)
Jewellery
 y - a ring of see invisible (left hand)
Wands
 s - a wand of iceblast (6)
Scrolls
 e - 6 scrolls of identify {unknown}
 g - 2 scrolls of remove curse
 p - a scroll of amnesia
 v - a scroll of fog {unknown}
 z - a scroll of fear {unknown}
Comestibles
 f - 4 rations


   Skills:
 + Level 2.9 Fighting
 + Level 0.1(0.2) Axes
 + Level 0.1 Maces & Flails
 + Level 5.6 Throwing
 + Level 2.0 Dodging
 + Level 0.9 Stealth


You had 3 spell levels left.
You didn't know any spells.
Your spell library was empty.

Dungeon Overview and Level Annotations

Branches:
Dungeon (3/15)

Altars:


Innate Abilities, Weirdness & Mutations

You are too large for most types of armour.
You have tough skin. (AC +1)
You tend to lose your temper in combat.
Your muscles are strong. (Str +2)


Message History

Unknown command.
The kobold hits you.
* * * LOW HITPOINT WARNING * * *
The orc wizard points at you and mumbles some strange words.
The magic dart hits you!
* * * LOW HITPOINT WARNING * * *
Items here: ))) ††† Unknown command.
The kobold throws a stone.
The stone hits you but does no damage.
You see here 2 stones.
You aren't carrying any potions.
Unknown command.
As you read the scroll labeled GYDUWN DUTZINE, it crumbles to dust.
You feel strangely unstable.
It was a scroll of teleportation.
The orc wizard barely misses you. x2
The orc wizard hits you with a +0 dagger.
* * * LOW HITPOINT WARNING * * *
The orc wizard gestures at you while chanting.
The magic dart hits you.
You die...

,,,,,* *,* ******
*,* #############
*,*
............######
*,*
##.#.............#
*,*
#...######.####.#
*,* ##.## #.# #.#
*,* #.# #.# #.#
*,* #.# #.# ##@##
*,* ###.#
##.###...### ***,*
....# #..)Ko...(.#
**,,,* #####
#..###...#.#
**,,,** #..#
##.##.#**,,,,,**
#.)#
#.#*,.,,,,,,,,*
#..#
#..,,*#*,,,,,**
#..# #...,*
**,,,** #.(#
*#...* **,**


You could see an orc wizard and a kobold.

Vanquished Creatures
  An orc priest (D:3)
  An adder (D:3)
  An ooze (D:2)
  A worm (D:2)
  A dart slug (D:1)
  2 leopard geckos (D:2)
  6 orcs
  2 giant cockroaches
  3 goblins
  7 hobgoblins
  4 jackals (D:3)
  A ball python (D:2)
  2 bats
  2 frilled lizards
  6 kobolds
  5 rats
45 creatures vanquished.

Notes
Turn   | Place    | Note
-------+----------+-------------------------------------------
     0 | D:1      | dvd the Ogre Hunter began the quest for the Orb.
     0 | D:1      | Reached XP level 1. HP: 22/22 MP: 1/1
   258 | D:1      | Reached XP level 2. HP: 28/29 MP: 2/2
  1070 | D:2      | Reached XP level 3. HP: 36/36 MP: 3/3
  1413 | D:2      | Reached skill level 5 in Throwing
  2012 | D:3      | Reached XP level 4. HP: 28/44 MP: 4/4
  2303 | D:3      | HP: 1/44 [jackal (2)]
  2327 | D:3      | Gained mutation: You tend to lose your temper in combat.
                  | [potion of mutation]
  2327 | D:3      | Gained mutation: Your muscles are strong. (Str +2) [potion
                  | of mutation]
  2344 | D:3      | HP: 2/44 [orc wizard/magic dart (7)]
  2349 | D:3      | Killed from afar by an orc wizard

Skill      XL: |  1  2  3 |
---------------+----------+-----
Throwing       | 5 |  5.6
Dodging        | 2 |  2.0
Fighting       | |  2.9
Axes           | |  0.1
Maces & Flails | |  0.1
Stealth        | |  0.9

Action                   |  1- 3 |  4- 6 || total
-------------------------+-------+-------++-------
Melee: Short sword       |     2 |       ||     2
       Mace              |    24 |       ||    24
       Hand axe          |    13 |    34 ||    47
Throw: Large rock        |    29 |     6 ||    35
       Throwing net      |     6 |       ||     6
       Javelin           |    23 |     7 ||    30
       Tomahawk          |       |     4 ||     4
  Use: Potion            |       |    10 ||    10
       Scroll            |       |     4 ||     4
 Stab: Held in net/web   |     1 |       ||     1
  Eat: Chunk             |     3 |     1 ||     4
Armor: Robe              |    11 |    28 ||    39
       Skin              |       |    24 ||    24
Dodge: Dodged            |    23 |    43 ||    66
